AoeStats
← Tabi

Coastal Forest

503342909Analyzed
2v2 RM · 1mo ago on Aug 31, 2026· 51m 59s· 4 players
Game mode
Random Map
Map size
Medium (4 player)
Population
200
Speed
Normal
Resources
Standard
Victory
Conquest
Starting age
Dark Age
Ending age
Imperial Age
RankedLock teamsTeams togetherTeam positionsShared explorationLock speedFull tech treeHidden civsTurbo modeCheats
Victory
Defeat
🇺🇸 Burmese · United States
649
+8
🇯🇵 Khmer · Japan
648
+8
🇺🇸 Persians · United States
462
-8
🇺🇸 Slavs · United States
447
-8
Cat Lover 89
12:43 Feudal Age
13:04 Horse Collar
27:14 Castle Age
26:26 Double-Bit Axe
28:50 Wheelbarrow
29:42 Hand Cart
29:34 Heavy Plow
31:27 Bow Saw
31:35 Gold Mining
35:06 Stone Mining
38:42 Imperial Age
38:24 Elite War Elephant
39:11 Caravan
39:38 Scale Barding Armor
43:24 Crop Rotation
43:35 Gold Shaft Mining
45:35 Kamandaran
45:46 Citadels
45:47 Kamandaran
47:12 Chain Barding Armor
46:43 Fletching
47:03 Forging
46:54 Scale Mail Armor
46:54 Padded Archer Armor
48:48 Thumb Ring
48:03 Crossbowman
50:49 Plate Barding Armor
49:52 Cavalier
50:32 Husbandry
RustBin
9:04 Feudal Age
9:29 Double-Bit Axe
10:43 Horse Collar
22:37 Castle Age
21:53 Wheelbarrow
21:04 Town Watch
21:04 Loom
23:13 Gold Mining
23:13 Stone Mining
23:48 Bow Saw
23:49 Heavy Plow
24:04 Squires
23:50 Pikeman
24:37 Scale Mail Armor
24:48 Forging
24:14 Pikeman
24:42 Crossbowman
27:20 Gold Shaft Mining
28:22 Chain Mail Armor
28:55 Iron Casting
29:24 Hand Cart
30:14 Caravan
31:12 Town Patrol
34:35 Ballistics
37:25 Imperial Age
35:33 Town Patrol
36:18 Padded Archer Armor
36:09 Fletching
36:30 Husbandry
36:40 Bloodlines
36:40 Scale Barding Armor
40:14 Two-Man Saw
39:48 Crop Rotation
40:15 Chain Barding Armor
40:26 Plate Mail Armor
39:52 Bodkin Arrow
40:57 Blast Furnace
40:13 Leather Archer Armor
41:00 Chemistry
44:45 Plate Barding Armor
44:32 Halberdier
Tabi
10:23 Loom
12:45 Feudal Age
18:13 Castle Age
17:04 Horse Collar
26:40 Fervor
28:08 Man-at-Arms
28:36 Gambesons
28:51 Squires
28:37 Arson
29:43 Long Swordsman
29:44 Pikeman
30:17 Gold Mining
30:18 Stone Mining
30:30 Heavy Plow
31:18 Forging
31:08 Scale Mail Armor
31:14 Scale Barding Armor
31:36 Fortified Wall
31:08 Treadmill Crane
31:43 Masonry
34:42 Imperial Age
33:16 Wheelbarrow
32:27 Town Watch
33:24 Iron Casting
33:04 Chain Mail Armor
35:11 Chain Mail Armor
35:17 Chain Barding Armor
37:05 Blast Furnace
36:35 Plate Mail Armor
36:40 Plate Barding Armor
36:36 Parthian Tactics
36:39 Bloodlines
36:30 Husbandry
37:18 Hand Cart
37:10 Two-Handed Swordsman
37:46 Elite Battle Elephant
38:23 Champion
39:28 Caravan
43:04 Block Printing
43:11 Sanctity
44:41 Theocracy
44:34 Illumination
47:01 Conscription
46:43 Howdah
46:45 Manipur Cavalry
47:12 Capped Ram
47:56 Fletching
48:06 Padded Archer Armor
48:35 Parthian Tactics
47:40 Elite Arambai
51:12 Chemistry
50:33 Ballistics
50:44 Architecture
50:20 Siege Engineers
Bear
2:55 Loom
12:15 Feudal Age
18:07 Castle Age
17:19 Double-Bit Axe
17:40 Town Watch
18:47 Stone Mining
29:04 Bow Saw
34:03 Imperial Age
33:10 Wheelbarrow
32:36 Town Patrol
32:50 Horse Collar
35:04 Fortified Wall
34:51 Murder Holes
35:07 Masonry
36:37 Pikeman
37:03 Arson
36:45 Elite Ballista Elephant
40:33 Halberdier
42:15 Hand Cart
43:19 Caravan
43:18 Heavy Scorpion
45:45 Elite Skirmisher
45:47 Crossbowman
46:40 Tusk Swords
46:40 Double Crossbow
48:43 Forging
48:33 Scale Mail Armor
48:38 Scale Barding Armor
48:24 Fletching
48:34 Padded Archer Armor
48:14 Arbalester
Connection lost

Rejoining the realm…

Still unreachable

The connection could not be restored.

Session expired

The server has moved on; the page needs a fresh start.